Map: 얼어붙은 사원

Players

DiaoZhaSky

  • Race: Zerg Zerg
  • League: Grandmaster

llllllllllll (Scarlett) - Winner!

  • Race: Zerg Zerg
  • League: Grandmaster

VOD

Have the link to the VOD?

Description

Time

  • Played on: April 10, 2016, 4:41 a.m.
  • Length: 11:48
Show
View Real Time Build Order
Export as new Build Order

DiaoZhaSky Zerg 

Build Orders: Pool First 

Get SALT Encoding   

  12  0:00  Drone  
  13  0:13  Overlord  
  13  0:17  Drone  
  14  0:31  Drone x2  
  14  0:34  Drone  
  17  0:45  Extractor  
  17  0:49  Drone  
  17  0:53  Spawning Pool  
  17  0:56  Drone  
  17  1:08  Drone  
  18  1:19  Hatchery  
  18  1:23  Drone  
  18  1:28  Drone  
  19  1:40  Queen  
  19  1:42  Zergling x2  
  22  1:48  Metabolic Boost  
  22  1:54  Overlord  
  22  2:07  Baneling Nest  
  21  2:10  Zergling x2  
  22  2:18  Queen  
  24  2:25  Drone x2  
  26  2:33  Drone  
  27  2:43  Overlord  
  26  2:49  Zergling x6  
  26  2:50  Zergling x4  
  31  2:54  Baneling x2  
  31  2:57  Zergling x4  
  33  3:06  Zergling x2  
  33  3:12  Zergling x2  
  35  3:17  Zergling x2  
  36  3:21  Zergling x8  
  40  3:31  Drone  
  40  3:32  Drone x3  
  42  3:38  Drone  
  43  3:45  Overlord  
  43  3:46  Overlord  
  43  4:03  Drone x3  
  43  4:04  Drone  
  43  4:05  Drone  
  43  4:07  Drone  
  43  4:09  Drone x3  
  52  4:23  Hatchery  
  51  4:25  Zergling x6  
  51  4:27  Baneling  
  51  4:30  Overlord  
  54  4:36  Overlord  
  53  4:50  Zergling x12  
  58  4:58  Zergling x2  
  59  5:01  Queen  
  59  5:03  Zergling x8  
  65  5:16  Zergling x4, Drone  
  65  5:17  Overlord x2  
  66  5:23  Baneling x8  
  66  5:28  Zergling x2  
  64  5:29  Baneling x4  
  64  5:30  Zergling x2  
  64  5:31  Overlord  
  65  5:39  Zergling x2, Baneling  
  65  5:40  Zergling x8  
  59  5:50  Zergling x2, Drone  
  59  5:51  Zergling x2  
  49  5:59  Zergling x4  
  47  6:06  Zergling x8  
  51  6:14  Queen, Drone  
  54  6:22  Baneling x2  
  54  6:24  Overlord  
  54  6:25  Drone x2  
  56  6:29  Evolution Chamber, Drone x3  
  57  6:36  Zergling x2  
  57  6:38  Zergling x4, Drone  
  57  6:39  Zergling x2  
  61  6:45  Baneling x2  
  61  6:46  Drone x3  
  64  6:47  Spine Crawler  
  64  6:51  Drone  
  64  6:52  Extractor  
  63  6:57  Spine Crawler  
  63  7:00  Drone  
  63  7:01  Drone  
  61  7:03  Zergling x4, Drone  
  61  7:04  Zergling x2  
  64  7:09  Spore Crawler  
  64  7:11  Spore Crawler  
  64  7:12  Spore Crawler  
  61  7:24  Overlord  
  61  7:26  Drone x2  
  61  7:27  Drone x3  
  61  7:29  Drone x2  
  68  7:35  Lair, Drone  
  68  7:36  Drone x3  
  72  7:38  Drone  
  72  7:43  Queen  
  75  7:51  Zergling x12  
  79  7:57  Overlord  
  79  8:01  Spore Crawler  
  79  8:02  Overlord  
  79  8:05  Spore Crawler  
  77  8:06  Extractor  
  77  8:08  Spore Crawler  
  77  8:11  Baneling x3  
  77  8:12  Baneling x9  
  71  8:22  Zergling x10  
  75  8:29  Overlord  
  67  8:39  Zergling x2  
  67  8:40  Zergling x2  
  61  8:45  Drone x3  
  61  8:46  Drone  
  61  8:48  Drone x5  
  69  8:49  Extractor  
  69  8:55  Drone x4  
  71  8:58  Queen  
  71  8:59  Extractor  
  73  9:05  Extractor  
  72  9:15  Overlord  
  70  9:20  Spire  
  70  9:23  Drone x3  
  70  9:24  Drone x2  
  71  9:27  Zergling x10  
  71  9:28  Zergling x2  
  76  9:48  Drone  
  76  9:49  Drone  
  70  9:53  Zergling x14, Drone  
  70  9:59  Overlord  
  73  10:04  Zergling x6  
  76  10:08  Overlord  
  72  10:24  Hatchery  
  68  10:33  Mutalisk x10  
  88  10:41  Drone  
  89  10:51  Zergling x2  
  85  11:00  Overlord  
  72  11:08  Drone x3  
  72  11:09  Drone x9  
  68  11:11  Baneling  
  68  11:13  Mutalisk  
  68  11:16  Mutalisk  
  72  11:20  Mutalisk  
Show
View Real Time Build Order
Export as new Build Order

llllllllllll Zerg - Winner!

Build Orders: Pool First 

Get SALT Encoding   

  12  0:01  Drone  
  13  0:09  Drone  
  14  0:17  Overlord  
  14  0:24  Extractor, Drone  
  15  0:36  Drone x2  
  17  0:48  Extractor, Drone  
  17  0:50  Spawning Pool  
  17  0:56  Drone  
  17  1:07  Drone  
  18  1:18  Drone  
  19  1:25  Hatchery  
  18  1:29  Drone  
  19  1:38  Queen  
  21  1:41  Zergling x2  
  22  1:49  Metabolic Boost  
  22  1:54  Overlord  
  22  1:59  Evolution Chamber  
  22  2:00  Drone  
  22  2:16  Queen  
  24  2:26  Drone x2  
  24  2:28  Zerg Melee Weapons Level 1  
  26  2:35  Overlord  
  26  2:41  Queen  
  28  2:49  Spine Crawler  
  27  2:52  Drone  
  27  2:55  Drone  
  29  2:59  Zergling x4  
  31  3:06  Zergling x4  
  33  3:14  Zergling x6  
  36  3:26  Zergling x10  
  40  3:38  Overlord  
  40  3:46  Zergling x4  
  44  3:57  Queen  
  44  3:58  Zergling x4  
  48  4:05  Lair  
  46  4:12  Drone x6  
  52  4:24  Extractor  
  52  4:25  Overlord, Extractor  
  52  4:26  Drone x2  
  44  4:52  Drone  
  44  4:53  Drone x7  
  44  4:56  Extractor  
  50  5:03  Zergling x8  
  54  5:09  Spire  
  53  5:16  Zergling x6  
  56  5:22  Zergling x4  
  56  5:23  Zergling x4  
  60  5:32  Spine Crawler  
  60  5:33  Spine Crawler  
  58  5:41  Zergling x4  
  52  5:52  Zergling x10  
  40  5:57  Zergling x2  
  40  5:58  Zergling x4  
  39  6:19  Drone x5  
  44  6:26  Mutalisk  
  46  6:38  Zerg Melee Weapons Level 2, Mutalisk  
  48  6:45  Mutalisk  
  50  6:50  Mutalisk  
  52  6:58  Mutalisk  
  53  7:01  Mutalisk  
  53  7:03  Drone  
  53  7:07  Mutalisk  
  58  7:13  Drone  
  58  7:14  Overlord  
  59  7:27  Zerg Flyer Weapons Level 1  
  59  7:28  Overlord  
  59  7:29  Overlord  
  59  7:38  Drone x4  
  59  7:43  Mutalisk  
  63  7:49  Mutalisk  
  67  7:57  Mutalisk  
  68  7:58  Drone  
  68  7:59  Drone x2  
  71  8:07  Drone x2  
  73  8:18  Zergling x2  
  73  8:19  Zergling x4  
  74  8:31  Drone  
  74  8:32  Drone  
  65  8:36  Queen x2  
  54  8:48  Mutalisk  
  54  8:49  Mutalisk x2  
  54  8:50  Drone  
  61  8:57  Drone  
  62  9:07  Zerg Ground Armor Level 1  
  62  9:09  Hatchery  
  61  9:24  Mutalisk  
  61  9:25  Drone x2  
  61  9:26  Drone  
  66  9:47  Mutalisk  
  66  9:50  Zergling x4  
  66  9:51  Zergling x4  
  64  9:55  Zergling x2  
  61  10:03  Mutalisk  
  61  10:05  Zergling x6  
  61  10:06  Queen  
  64  10:07  Queen  
  64  10:10  Mutalisk  
  68  10:15  Zergling x2  
  68  10:19  Zergling x2  
  70  10:24  Queen  
  70  10:26  Zergling x4  
  72  10:36  Mutalisk  
  72  10:37  Drone  
  72  10:41  Drone x2  
  77  10:53  Zergling x8  
  74  11:16  Mutalisk  
  74  11:17  Mutalisk x3  
  82  11:19  Drone  
  82  11:20  Drone  
  84  11:30  Extractor  
  84  11:31  Extractor  
Tags
 
Add a new tag
Caveats
  • Supply blocks, unpowered buildings, or Contaminate may cause inaccurate times.
  • Supply counts are checked every 10 seconds.